 Dungeon Crawl Stone Soup version 0.29-a0-577-gafbf2c5d25 (webtiles) character file.

Game seed: 15102947678411431978

91 DocClef the Sneak (level 4, 0/40 HPs)
             Began as a Draconian Delver on June 13, 2022.
             Succumbed to a scorpion's poison
             ... on level 5 of the Dungeon.
             The game lasted 00:01:02 (838 turns).

DocClef the Sneak (Draconian Delver)                 Turns: 838, Time: 00:01:03

Health: 0/40       AC:  5    Str: 15    XL:     4   Next: 33%
Magic:  4/4        EV: 12    Int: 10    God:
Gold:   30         SH:  0    Dex: 12    Spells: 3/3 levels left

rFire   . . .      SeeInvis .   a - +0 short sword
rCold   . . .      Faith    .   (no shield)
rNeg    . . .      Spirit   .   (body armour unavailable)
rPois   .          Reflect  .   (helmet restricted)
rElec   .          Harm     .   (no cloak)
rCorr   .          Rampage  .   (no gloves)
Will    .....                   (no boots)
Stlth   +++.......              (no amulet)
HPRegen 0.13/turn               (no ring)
MPRegen 0.09/turn               (no ring)

@: lethally poisoned (0 -> -5)
A: AC +5, unfitting armour, cold-blooded, clumsy 1, mutation resistance 1
a: no special abilities


You were on level 5 of the Dungeon.
You visited 1 branch of the dungeon, and saw 2 of its levels.

You collected 30 gold pieces.

Inventory:

Hand Weapons
 a - a +0 short sword (weapon)
Wands
 f - a wand of digging (3)
Scrolls
 b - a scroll of fog
 c - a scroll of magic mapping
 d - a scroll of fear
 h - a scroll of enchant weapon {unknown}
 l - a scroll of identify {unknown}
Potions
 e - a potion of haste
 i - 3 potions of heal wounds {unknown}
 j - a potion of brilliance {unknown}
 k - a potion of degeneration {unknown}


   Skills:
 + Level 4.0 Fighting
 + Level 2.8 Short Blades
 + Level 2.5 Dodging
 + Level 5.0 Stealth


You had 3 spell levels left.
You didn't know any spells.
Your spell library was empty.

Dungeon Overview and Level Annotations

Branches:
Dungeon (5/15)
 Temple: D:4-7

Altars:

Annotations:
D:4 Eustachio


Innate Abilities, Weirdness & Mutations

Your plain brown scales are hard. (AC +5)
You cannot fit into any form of body armour.
You are cold-blooded and may be slowed by cold attacks.
You are clumsy. (Dex -2)
You are somewhat resistant to further mutation.


Message History

The scorpion is moderately wounded.
You feel very sick.
The scorpion stings you but does no damage.
You hit the scorpion.
The scorpion is moderately wounded.
You feel sick. The scorpion misses you.
It was a potion of mutation.
You feel extremely strange.
You feel clumsy.
You feel genetically stable.
You feel sick. The scorpion stings you.
You hit the scorpion but do no damage. You tail-slap the scorpion.
The scorpion is moderately wounded.
You feel sick. The scorpion barely misses you. The scorpion stings you.
You are more poisoned.
The scorpion poisons you!
You barely miss the scorpion.
The scorpion is moderately wounded.
You feel very sick. The scorpion stings you.
* * * LOW HITPOINT WARNING * * *
You hit the scorpion.
The scorpion is heavily wounded.
* * * LOW HITPOINT WARNING * * *
You feel sick.
The scorpion stings you but does no damage.
You hit the scorpion.
Your tail-slap misses the scorpion.
The scorpion is severely wounded.
* * * LOW HITPOINT WARNING * * *
You feel sick. The scorpion misses you.
You hit the scorpion but do no damage.
The scorpion is severely wounded.
* * * LOW HITPOINT WARNING * * *
You feel sick. The scorpion stings you.
* * * LOW HITPOINT WARNING * * *
You hit the scorpion but do no damage.
The scorpion is severely wounded.
* * * LOW HITPOINT WARNING * * *
You feel sick. The scorpion closely misses you.
You hit the scorpion.
You kill the scorpion!
You die...

#.# .......# #.# #. #..#>
##.########..##...#
#.####..................
........#####.##..##....
.....#......)...........
.≈≈≈.#..#####.#...#.#...
.≈(≈.#..# ....#.#..#
.≈≈≈...@### ###........#
..........# #........###
#.####..#.###.#..##... # #
#..#..?........##.#
#..#####.#..##[##..
#.#.####..#####.#..##.####
..............#.#..##.####
..#..###.........?...#....
# #...†....#.#.##...#


There were no monsters in sight!

Vanquished Creatures
  A scorpion (D:5)
  A necrophage (D:4)
  3 adders (D:5)
  An orc (D:4)
  An endoplasm (D:4)
  A goblin (D:4)
  A hobgoblin (D:4)
  A quokka (D:4)
10 creatures vanquished.

Notes
Turn   | Place    | Note
-------+----------+-------------------------------------------
     0 | D:5      | DocClef the Draconian Delver began the quest for the Orb.
     0 | D:5      | Reached XP level 1. HP: 19/19 MP: 1/1
     5 | D:5      | Noticed a scorpion
   217 | D:4      | Noticed a necrophage
   238 | D:4      | Killed a necrophage
   239 | D:4      | Reached XP level 2. HP: 13/27 MP: 2/2
   239 | D:4      | Reached XP level 3. HP: 16/33 MP: 3/3
   395 | D:4      | Noticed Eustachio
   547 | D:5      | Reached XP level 4. HP: 37/40 MP: 4/4
   637 | D:5      | Reached skill level 5 in Stealth
   831 | D:5      | Gained mutation: You are clumsy. (Dex -2) [potion of
                  | mutation]
   831 | D:5      | Gained mutation: You are somewhat resistant to further
                  | mutation. [potion of mutation]
   836 | D:5      | HP: 2/40 [scorpion (2)]
   838 | D:5      | Killed a scorpion
   838 | D:5      | Succumbed to a scorpion's poison

Illustrated notes

Levels and vault maps discovered:
D:4:      layout_rooms, grunt_qazlal_clouds, uniq_eustachio
D:5:      layout_loops_ring, minmay_temple_entry_glassed_door,
          corexii_item_surrounded_by_moat, st_stairs_14,
          eino_small_chamber_without_monster, nicolae_fountain_basement,
          uniq_edmund

Skill      XL: |  1  2  3  4 |
---------------+-------------+-----
Dodging        | 2 |  2.5
Fighting       | 4 |  4.0
Stealth        | 5 |  5.0
Short Blades   | |  2.8

Action                   |  1- 3 |  4- 6 || total
-------------------------+-------+-------++-------
Melee: Short sword       |    42 |    58 ||   100
       Tailslap          |     5 |     6 ||    11
  Use: Potion            |       |     1 ||     1
 Stab: Sleeping          |     1 |       ||     1
Armor: Skin              |    21 |    24 ||    45
Dodge: Dodged            |    42 |    31 ||    73

Table legend: (Time is in decaauts)
 A = Elapsed time spent in this place.
 B = Non-inter-level travel time spent in this place.
 C = Inter-level travel time spent in this place.
 D = Time resting spent in this place.
 E = Time spent auto-exploring this place.
 F = Levels seen in this place.
 G = Mean time per level.
                   A        B        C        D        E       F      G
               +--------+--------+--------+--------+--------+-----+--------+
         Total |    835 |    835 |      0 |    249 |    380 |   2 |  417.5 |
       Dungeon |    835 |    835 |      0 |    249 |    380 |   2 |  417.5 |
               +--------+--------+--------+--------+--------+-----+--------+

Top non-repeatable levels by time:
     D:5: 433 daAuts
     D:4: 402 daAuts
